 Dungeon Crawl Stone Soup version 0.28.0-43-g3370ac3207 (webtiles) character file.

Game seed: 480364444422835132

125524 Ablot the Grappler (level 16, -6/127 HPs)
             Began as a Gnoll Warper on Mar 7, 2022.
             Was the Champion of Okawaru.
             Killed from afar by a shock serpent (23 damage)
             ... with a bolt of electricity
             ... on level 1 of the Snake Pit on Mar 10, 2022.
             The game lasted 03:10:42 (27579 turns).

Ablot the Grappler (Gnoll Warper)                  Turns: 27579, Time: 03:10:43

Health: -6/127     AC: 10    Str: 17    XL:     16   Next: 96%
Magic:  31/32      EV: 21    Int: 14    God:    Okawaru [******]
Gold:   2365       SH: 10    Dex: 23    Spells: 18/39 levels left

rFire   + . .      SeeInvis .   X - +5 trident "Ukenuk" {spect, *Rage rPois rN++ Dex+2}
rCold   + + +      Faith    .   v - +2 buckler
rNeg    + + .      Spirit   .   n - +0 leather armour "Saxikk Aqie" {rF+ rC+ Will+ Slay+2}
rPois   +          Reflect  .   q - +1 hat {Will+}
rElec   .          Harm     .   A - +0 cloak of Bellicose Liberty {Dex+4 Stlth+}
rCorr   .          Rampage  .   W - +0 pair of gloves
Will    +++..      Rage     20% f - +0 pair of boots
Stlth   ++++++....              D - amulet of Ru's Castigation {rC+ Regen+ Dex+3}
HPRegen 1.11/turn               Q - ring "Rist" {rPois rC+ Dex+2}
MPRegen 0.23/turn               a - +4 ring of slaying

@: marked, studying Unarmed Combat
A: fangs 1, strong nose, distributed training
a: Renounce Religion, Heroism, Finesse, Duel


You were on level 1 of the Snake Pit.
You worshipped Okawaru.
Okawaru was exalted by your worship.
You visited 4 branches of the dungeon, and saw 23 of its levels.
You also visited: Bailey, Gauntlet, Ice Cave and Volcano.

You collected 2365 gold pieces.

Inventory:

Hand Weapons
 r - the +11 mace of the Volcano {pain, rCorr Str+5 Int+3}
   (You found it on level 13 of the Dungeon)

   In the hands of one skilled in necromantic magic, it inflicts extra damage on
   living creatures.
   Str:       It affects your strength (+5).
   Int:       It affects your intelligence (+3).
   rCorr:     It protects you from acid and corrosion.
 H - the +10 dark maul {vorpal}
   (You took it off an ettin on level 13 of the Dungeon)

   It inflicts extra damage upon your enemies.
 L - the +3 longbow of Quick Death {venom, rElec rN++ Will- rCorr}
   (Okawaru gifted it to you on level 10 of the Dungeon)

   Any ammunition fired from it poisons the flesh of those it strikes.
   rElec:     It insulates you from electricity.
   rN:        It greatly protects you from negative energy.
   rCorr:     It protects you from acid and corrosion.
   Will:      It decreases your willpower.
 X - the +5 trident "Ukenuk" (weapon) {spect, *Rage rPois rN++ Dex+2}
   (You found it on level 8 of the Dungeon)

   When its wielder attacks, the weapon's spirit leaps out and strikes again.
   The spirit shares a part of any damage it takes with its wielder.
   Dex:       It affects your dexterity (+2).
   rPois:     It protects you from poison.
   rN:        It greatly protects you from negative energy.
   *Rage:     It berserks you when you make melee attacks (+20% chance).
Missiles
 k - 6 atropa-tipped darts
 t - 5 throwing nets
 B - 229 bolts
 F - 600 arrows
 V - 17 poisoned darts (quivered)
 Y - 5 silver javelins
Armour
 f - a +0 pair of boots (worn)
 n - the +0 leather armour "Saxikk Aqie" (worn) {rF+ rC+ Will+ Slay+2}
   (You found it on level 4 of the Lair of Beasts)

   Slay:      It affects your accuracy & damage with ranged weapons and melee
   (+2).
   rF:        It protects you from fire.
   rC:        It protects you from cold.
   Will:      It increases your willpower.
 q - a +1 hat of willpower (worn)
 v - a +2 buckler (worn)
 A - the +0 cloak of Bellicose Liberty (worn) {Dex+4 Stlth+}
   (Okawaru gifted it to you on level 4 of the Lair of Beasts)

   Dex:       It affects your dexterity (+4).
   Stlth:     It makes you more stealthy.
 W - a +0 pair of gloves (worn)
Jewellery
 a - a +4 ring of slaying (right hand)
 g - a ring of willpower
 w - a ring of see invisible
 D - the amulet of Ru's Castigation (around neck) {rC+ Regen+ Dex+3}
   (You found it on level 14 of the Dungeon)

   [amulet of regeneration]

   Dex:       It affects your dexterity (+3).
   rC:        It protects you from cold.
   Regen:     It increases your rate of health regeneration.
 Q - the ring "Rist" (left hand) {rPois rC+ Dex+2}
   (You found it on level 11 of the Dungeon)

   [ring of protection from cold]

   Dex:       It affects your dexterity (+2).
   rC:        It protects you from cold.
   rPois:     It protects you from poison.
Wands
 e - a wand of polymorph (9)
 u - a wand of paralysis (11)
 G - a wand of mindburst (11)
 I - a wand of iceblast (34)
 T - a wand of digging (15)
 U - a wand of acid (17)
Scrolls
 b - a scroll of torment
 c - 3 scrolls of blinking
 h - 5 scrolls of enchant weapon
 i - 9 scrolls of teleportation
 l - 3 scrolls of summoning
 p - 2 scrolls of silence
 x - 5 scrolls of vulnerability
 N - 8 scrolls of identify
 R - 2 scrolls of fear
 Z - 4 scrolls of fog
Potions
 d - a potion of ambrosia
 j - 3 potions of resistance
 m - 3 potions of heal wounds
 o - 2 potions of flight
 s - 9 potions of curing
 E - 7 potions of cancellation
 J - 3 potions of might
 K - 5 potions of lignification
 M - 5 potions of haste
 O - 5 potions of mutation
 S - 5 potions of brilliance
Miscellaneous
 C - a box of beasts


   Skills:
 + Level 12.1 Fighting
 + Level 11.3 Short Blades
 + Level 11.3 Long Blades
 + Level 11.3 Axes
 + Level 11.3 Maces & Flails
 + Level 12.1 Polearms
 + Level 11.3 Staves
 + Level 11.3 Slings
 + Level 11.3 Bows
 + Level 11.3 Crossbows
 + Level 11.6 Throwing
 + Level 11.6 Armour
 + Level 12.1 Dodging
 + Level 11.3 Stealth
 + Level 11.3 Shields
 + Level 12.7 Unarmed Combat
 + Level 12.3 Spellcasting
 + Level 9.5 Conjurations
 + Level 9.5 Hexes
 + Level 9.5 Summonings
 + Level 9.5 Necromancy
 + Level 11.0 Translocations
 + Level 9.5 Transmutations
 + Level 9.5 Fire Magic
 + Level 9.5 Ice Magic
 + Level 9.5 Air Magic
 + Level 9.5 Earth Magic
 + Level 9.5 Poison Magic
 + Level 12.2 Invocations
 + Level 11.3 Evocations


You had 18 spell levels left.
You knew the following spells:

 Your Spells              Type           Power      Damage    Failure   Level
a - Blink                 Tloc           78%        N/A       1%          2
b - Wereblood             Tmut           35%        N/A       1%          2
c - Sting                 Tmut/Pois      100%       1d8       1%          1
d - Passwall              Tmut/Erth      29%        N/A       1%          2
e - Poisonous Vapours     Pois/Air       70%        N/A       1%          2
f - Mephitic Cloud        Conj/Pois/Air  35%        N/A       1%          3
g - Conjure Flame         Conj/Fire      35%        6-21      1%          3
h - Hailstorm             Conj/Ice       35%        3d9       2%          4
i - Ensorcelled Hibernat  Hex/Ice        70%        N/A       1%          2

Your spell library contained the following spells:

 Spells                   Type           Power      Damage    Failure   Level
 Beastly Appendage        Tmut           70%        N/A       1%          1
 Magic Dart               Conj           100%       1d8       1%          1
 Sandblast                Erth           70%        2d15      1%          1
 Sublimation of Blood     Necr           35%        N/A       1%          2
 Gell's Gravitas          Tloc           39%        N/A       1%          3
 Lesser Beckoning         Tloc           39%        N/A       1%          3
 Spider Form              Tmut/Pois      35%        N/A       1%          3
 Stone Arrow              Conj/Erth      70%        3d11      1%          3
 Teleport Other           Tloc           39%        N/A       1%          3
 Passage of Golubria      Tloc           39%        N/A       1%          4
 Anguish                  Hex/Necr       17%        N/A       2%          4
 Flame Wave               Conj/Fire      35%        2d8       2%          4
 Ice Form                 Ice/Tmut       35%        N/A       2%          4
 Olgreb's Toxic Radiance  Pois           35%        N/A       2%          4
 Petrify                  Tmut/Erth      35%        N/A       2%          4
 Manifold Assault         Tloc           39%        N/A       3%          5
 Metabolic Englaciation   Hex/Ice        17%        N/A       6%          5
 Dispersal                Tloc           19%        N/A       19%         6
 Statue Form              Tmut/Erth      23%        N/A       34%         6
 Shatter                  Erth           17%        3d16*     100%        9
 Call Imp                 Summ           Unusable   N/A       N/A         2
 Simulacrum               Ice/Necr       Unusable   N/A       N/A         6
 Malign Gateway           Summ/Tloc      Unusable   N/A       N/A         7
 Summon Hydra             Summ           Unusable   N/A       N/A         7
 Summon Horrible Things   Summ           Unusable   N/A       N/A         8

Dungeon Overview and Level Annotations

Branches:
Dungeon (15/15)            Temple (1/1) D:6            Lair (6/6) D:11
 Shoals (0/4) Lair:2        Snake (1/4) Lair:4        Slime (0/5) Lair:6
    Orc (0/2) D:11         Vaults (0/5) D:14         Depths (0/4) D:15
 Bailey (visited)           IceCv (visited)         Volcano (visited)
Gauntlet (visited)

Altars:
Ashenzari
Cheibriados
Dithmenos
Elyvilon
Fedhas
Gozag
Hepliaklqana
Kikubaaqudgha
Makhleb
Nemelex Xobeh
Okawaru
Qazlal
Ru
Sif Muna
Trog
Uskayaw
Vehumet
Wu Jian
Xom
Yredelemnul
Zin
The Shining One
Beogh

Annotations:
D:14 2 transporters, Meal's ghost, journeyman FeSu
D:15 2 transporters, TuffENuff's ghost, journeyman FoFi
Lair:3 1 exclusion
Lair:4 1 exclusion


Innate Abilities, Weirdness & Mutations

You have very sharp teeth.
Your uncanny sense of smell can sniff out nearby items.
Your experience applies equally to all skills.


Message History

You could not reach far enough!
Unknown command.
You impale the black mamba!!
The black mamba is heavily wounded.
The shock serpent is engulfed in blazing flames.
You block the shock serpent's attack. You block the black mamba's attack.
Unknown command.
You puncture the black mamba!
The black mamba is severely wounded.
The black mamba barely misses you.
The shock serpent is engulfed in blazing flames.
The shock serpent bites you but does no damage.
The shock serpent's electric aura discharges, shocking you!
A mana viper comes into view.
You block the black mamba's attack.
You puncture the black mamba!
You kill the black mamba!
Okawaru accepts your kill.
The shock serpent is engulfed in blazing flames.
The shock serpent barely misses you.
Unknown command.
Reach: X) +5 trident "Ukenuk" {spect, *Rage rPois rN++ Dex+2}
Press: ? - help, Dir - move target, f - shock serpent
Aim: a shock serpent (flame, moderately wounded, about 31% to evade the +5 trident "Ukenuk")
You puncture the shock serpent! You bite the shock serpent.
The shock serpent is heavily wounded.
Your +5 trident "Ukenuk" {spect, *Rage rPois rN++ Dex+2} hits the shock serpent from afar!
The shock serpent's electric aura discharges, shocking you!
The shock serpent is engulfed in blazing flames.
The shock serpent shoots out a bolt of lightning at your +5 trident "Ukenuk" {spect, *Rage rPois rN++ Dex+2}!
The bolt of electricity hits you!!
* * * LOW HITPOINT WARNING * * *
The bolt of electricity hits your +5 trident "Ukenuk" {spect, *Rage rPois rN++ Dex+2}.
Your +5 trident "Ukenuk" {spect, *Rage rPois rN++ Dex+2} resists.
Your spectral weapon shares its damage with you!
The bolt of electricity hits your +5 trident "Ukenuk" {spect, *Rage rPois rN++ Dex+2}.
Your +5 trident "Ukenuk" {spect, *Rage rPois rN++ Dex+2} resists.
Your spectral weapon shares its damage with you!
The bolt of electricity hits you!!
You die...

.. ... ....
.S# ..# #S#
#S## ## #S##
.# ..
##@###.##...
## ##(#.......
#.###.........
#.....#..##..
##....# .#
#.#.## .#
#.8.# ..
###...### ..
##.......## .


You could see a shock serpent (ally target), a mana viper, 2 black mambas and a
friendly +5 trident "Ukenuk" {spect, *Rage rPois rN++ Dex+2} (summoned).

Vanquished Creatures
  Gastronok (Lair:3)
  A fire giant (D:14)
  2 orc warlords
  A reaper (IceCv)
  Nessos (Lair:6)
  A minotaur (Gauntlet)
  2 fire dragons
  3 ettins (D:13)
  Fannar (D:10)
  13 hydras
  8 vault guards (D:14)
  An ogre mage (D:15)
  5 centaur warriors
  An ice dragon (D:15)
  5 boulder beetles
  An anaconda (Snake:1)
  A catoblepas (Lair:5)
  8 death yaks
  6 two-headed ogres
  2 tengu warriors (D:14)
  A shock serpent (Snake:1)
  Urug (Lair:5)
  A shadow wraith (D:15)
  A skeletal warrior (D:14)
  A fire crab (Gauntlet)
  A deep elf archer (D:13)
  A wizard (D:15)
  2 mana vipers (Snake:1)
  A naga ritualist (Snake:1)
  5 lindwurms (Volcano)
  8 orc knights
  A deep elf pyromancer (D:14)
  16 ugly things
  6 manticores
  17 elephants
  7 cyclopes
  An eye of devastation (Gauntlet)
  2 ice statues (IceCv)
  A guardian serpent (shapeshifter) (D:14)
  2 naga magi (Snake:1)
  10 black mambas
  2 torpor snails (Lair:5)
  9 cane toads
  4 smoke demons
  3 gargoyles
  3 unseen horrors
  A kobold demonologist (D:14)
  2 rime drakes (Lair:5)
  Psyche (D:11)
  7 komodo dragons
  A yaktaur (D:13)
  4 freezing wraiths
  2 tengu conjurers
  2 efreet (D:15)
  2 anaconda simulacra (IceCv)
  3 entropy weaver simulacra (IceCv)
  6 ice devils (IceCv)
  4 polar bears (Lair:6)
  4 meliai (D:14)
  4 trolls
  5 hornets
  A slime creature (Lair:6)
  14 dream sheep
  16 blink frogs
  A centaur simulacrum (D:14)
  Sigmund (D:3)
  A shadow (D:12)
  2 wraiths
  11 spriggans (Lair:6)
  3 dire elephant simulacra (IceCv)
  2 vampires
  4 basilisks
  44 yaks
  4 fire bats (Gauntlet)
  A basilisk (shapeshifter) (D:15)
  3 steam dragons (Volcano)
  3 chaos spawn (Gauntlet)
  A neqoxec (Gauntlet)
  A warg (D:15)
  10 vampire mosquitoes
  2 harpy simulacra (IceCv)
  11 nagas
  A water moccasin (shapeshifter) (D:13)
  Duvessa (D:6)
  4 hell hounds (Volcano)
  2 acid dragons
  A floating eye (Gauntlet)
  13 water moccasins
  5 black bears
  A hornet zombie (D:7)
  A sky beast (D:6)
  21 orc warriors
  An ice beast (D:5)
  A necrophage (D:5)
  45 wolves
  4 boggarts (Lair:6)
  8 centaurs
  5 ogres
  A centaur (shapeshifter) (D:14)
  10 bullfrogs
  A gnoll sergeant (D:9)
  A wyvern zombie (D:6)
  A cane toad simulacrum (IceCv)
  Dowan (D:6)
  9 wights
  3 killer bees (D:8)
  3 howler monkeys
  3 centaur zombies
  2 crimson imps (Gauntlet)
  2 centaur skeletons
  2 hounds
  A gnoll shaman (D:6)
  7 jellies
  12 orc priests
  2 bullfrog skeletons
  9 orc wizards
  Ijyb (D:5)
  3 iguanas
  A spriggan simulacrum (IceCv)
  A wolf simulacrum (IceCv)
  A hound zombie (D:5)
  A hound skeleton (D:5)
  17 gnolls
  A howler monkey skeleton (D:6)
  3 adders
  13 white imps
  2 ufetubi
  2 worms
  A dart slug (D:4)
  46 orcs
  11 endoplasms
  8 giant cockroaches
  14 goblins
  16 hobgoblins
  3 jackals (D:4)
  3 quokkas
  10 ball pythons
  4 bats
  4 frilled lizards
  6 kobolds
  11 rats
722 creatures vanquished.

Vanquished Creatures (collateral kills)
  A centaur warrior (D:14)
  An orc high priest (D:14)
  A cyclops (D:14)
  A troll (D:14)
4 creatures vanquished.

Vanquished Creatures (others)
  A wolf (Lair:6)
  A white imp (D:11)
  31 fungi
  55 plants
  3 toadstools (D:10)
91 creatures vanquished.

Grand Total: 817 creatures vanquished

Notes
Turn   | Place    | Note
-------+----------+-------------------------------------------
     0 | D:1      | Ablot the Gnoll Warper began the quest for the Orb.
     0 | D:1      | Reached XP level 1. HP: 20/20 MP: 6/6
     0 | D:1      | Noticed a jelly
     1 | D:1      | Found a runed translucent door.
    68 | D:1      | Reached XP level 2. HP: 26/26 MP: 7/7
    78 | D:1      | Learned a level 2 spell: Blink
   142 | D:1      | Found a faded altar of an unknown god.
   646 | D:1      | Reached XP level 3. HP: 31/31 MP: 9/9
   657 | D:1      | Reached skill level 5 in Spellcasting
  1395 | D:2      | Reached skill level 1 in Invocations
  1748 | D:3      | Reached skill level 1 in Short Blades
  1748 | D:3      | Reached skill level 1 in Long Blades
  1748 | D:3      | Reached skill level 1 in Axes
  1748 | D:3      | Reached skill level 1 in Maces & Flails
  1748 | D:3      | Reached skill level 1 in Staves
  1748 | D:3      | Reached skill level 1 in Slings
  1748 | D:3      | Reached skill level 1 in Bows
  1748 | D:3      | Reached skill level 1 in Crossbows
  1748 | D:3      | Reached skill level 1 in Stealth
  1748 | D:3      | Reached skill level 1 in Shields
  1748 | D:3      | Reached skill level 1 in Unarmed Combat
  1748 | D:3      | Reached skill level 1 in Evocations
  1748 | D:3      | Reached XP level 4. HP: 12/38 MP: 11/11
  2000 | D:3      | Noticed Sigmund
  2532 | D:3      | Reached skill level 1 in Conjurations
  2532 | D:3      | Reached skill level 1 in Hexes
  2532 | D:3      | Reached skill level 1 in Summonings
  2532 | D:3      | Reached skill level 1 in Necromancy
  2532 | D:3      | Reached skill level 1 in Transmutations
  2532 | D:3      | Reached skill level 1 in Fire Magic
  2532 | D:3      | Reached skill level 1 in Ice Magic
  2532 | D:3      | Reached skill level 1 in Air Magic
  2532 | D:3      | Reached skill level 1 in Earth Magic
  2532 | D:3      | Reached skill level 1 in Poison Magic
  2942 | D:4      | Identified the +7 chain mail "Icic" {rF+}
  3461 | D:4      | Reached XP level 5. HP: 43/43 MP: 12/12
  3561 | D:4      | Found a shadowy altar of Dithmenos.
  3761 | D:5      | Entered Level 5 of the Dungeon
  3787 | D:5      | Noticed an ogre
  4113 | D:5      | Noticed a necrophage
  4125 | D:5      | Killed a necrophage
  4126 | D:5      | Reached XP level 6. HP: 44/50 MP: 14/14
  4140 | D:5      | Noticed Ijyb
  4142 | D:5      | Reached skill level 5 in Fighting
  4142 | D:5      | Reached skill level 5 in Polearms
  4142 | D:5      | Reached skill level 5 in Dodging
  4150 | D:5      | Killed Ijyb
  4212 | D:5      | Noticed an ice beast
  4215 | D:5      | Killed an ice beast
  4216 | D:5      | Reached XP level 7. HP: 47/56 MP: 15/15
  4283 | D:5      | Found a glowing silver altar of Zin.
  4862 | D:3      | Learned a level 2 spell: Wereblood
  4867 | D:3      | Killed Sigmund
  4868 | D:3      | Reached XP level 8. HP: 56/63 MP: 16/16
  5042 | D:5      | Learned a level 1 spell: Sting
  5045 | D:5      | Learned a level 2 spell: Passwall
  5048 | D:5      | Learned a level 2 spell: Poisonous Vapours
  5545 | D:6      | Found a staircase to the Ecumenical Temple.
  5565 | Temple   | Entered the Ecumenical Temple
  5943 | Temple   | Became a worshipper of Warmaster Okawaru
  6003 | D:6      | Noticed Dowan
  6556 | D:6      | Noticed Duvessa
  6560 | D:6      | Killed Dowan
  6562 | D:6      | Killed Duvessa
  6563 | D:6      | Reached XP level 9. HP: 37/69 MP: 18/18
  6865 | D:7      | Noticed a hornet
  6884 | D:7      | Killed a hornet
  6884 | D:7      | Reached * piety under Okawaru
  6885 | D:7      | Reached skill level 5 in Throwing
  6885 | D:7      | Reached skill level 5 in Armour
  6907 | D:7      | Noticed a gargoyle
  6912 | D:7      | Killed a gargoyle
  7249 | D:7      | Reached skill level 5 in Invocations
  7562 | D:7      | Reached ** piety under Okawaru
  8263 | D:8      | Reached XP level 10. HP: 66/77 MP: 20/20
  8344 | D:8      | Noticed a gargoyle
  8351 | D:8      | Killed a gargoyle
  8352 | D:8      | Reached skill level 5 in Short Blades
  8352 | D:8      | Reached skill level 5 in Long Blades
  8352 | D:8      | Reached skill level 5 in Axes
  8352 | D:8      | Reached skill level 5 in Maces & Flails
  8352 | D:8      | Reached skill level 5 in Staves
  8352 | D:8      | Reached skill level 5 in Slings
  8352 | D:8      | Reached skill level 5 in Bows
  8352 | D:8      | Reached skill level 5 in Crossbows
  8352 | D:8      | Reached skill level 5 in Stealth
  8352 | D:8      | Reached skill level 5 in Shields
  8352 | D:8      | Reached skill level 5 in Unarmed Combat
  8352 | D:8      | Reached skill level 5 in Evocations
  8466 | D:8      | Identified the +5 trident "Ukenuk" {spect, *Rage rPois rN++
                  | Dex+2}
  9332 | D:9      | Found a flagged portal.
  9359 | Bailey   | Entered a bailey
  9551 | Bailey   | Noticed an orc knight
  9583 | Bailey   | Killed an orc knight
  9583 | Bailey   | Reached *** piety under Okawaru
  9619 | Bailey   | Noticed an orc knight
  9790 | Bailey   | Killed an orc knight
  9964 | Bailey   | Reached **** piety under Okawaru
  9989 | Bailey   | Noticed an orc warlord
 10033 | Bailey   | Killed an orc warlord
 10033 | Bailey   | Received a gift from Okawaru
 10033 | Bailey   | Received a gift from Okawaru
 10034 | Bailey   | Reached XP level 11. HP: 51/84 MP: 18/22
 10119 | Bailey   | Noticed an orc knight
 10130 | Bailey   | Killed an orc knight
 10284 | Bailey   | Reached skill level 5 in Conjurations
 10284 | Bailey   | Reached skill level 5 in Hexes
 10284 | Bailey   | Reached skill level 5 in Summonings
 10284 | Bailey   | Reached skill level 5 in Necromancy
 10284 | Bailey   | Reached skill level 5 in Transmutations
 10284 | Bailey   | Reached skill level 5 in Fire Magic
 10284 | Bailey   | Reached skill level 5 in Ice Magic
 10284 | Bailey   | Reached skill level 5 in Air Magic
 10284 | Bailey   | Reached skill level 5 in Earth Magic
 10284 | Bailey   | Reached skill level 5 in Poison Magic
 10292 | Bailey   | Got Sif Muna's Incunabulum of Dislocation
 10673 | D:10     | Entered Level 10 of the Dungeon
 10693 | D:10     | Noticed Fannar
 10941 | D:10     | Reached ***** piety under Okawaru
 11039 | D:10     | Noticed a two-headed ogre
 11070 | D:10     | Killed a two-headed ogre
 11384 | D:10     | Killed Fannar
 11384 | D:10     | Received a gift from Okawaru
 12184 | D:11     | Noticed a two-headed ogre
 12186 | D:11     | Noticed Psyche
 12190 | D:11     | Killed Psyche
 12193 | D:11     | Killed a two-headed ogre
 12200 | D:11     | Noticed a manticore
 12317 | D:10     | Killed a manticore
 12317 | D:10     | Identified the +3 longbow of Quick Death {venom, rElec rN++
                  | Will- rCorr} (Okawaru gifted it to you on level 10 of the
                  | Dungeon)
 12317 | D:10     | Received a gift from Okawaru
 12414 | D:11     | Found a frozen archway.
 12429 | IceCv    | Entered an ice cave
 12736 | IceCv    | Reached XP level 12. HP: 94/94 MP: 24/24
 12843 | IceCv    | Received a gift from Okawaru
 12843 | IceCv    | Found the +11 plutonium sword {Contam Stlth-}
 13045 | IceCv    | Noticed a reaper
 13059 | IceCv    | Killed a reaper
 13254 | D:11     | Found a staircase to the Orcish Mines.
 13267 | D:11     | Identified the ring "Rist" {rPois rC+ Dex+2}
 13289 | D:11     | Noticed a death yak
 13333 | D:11     | Killed a death yak
 13367 | D:11     | Noticed a death yak
 13434 | D:11     | Noticed a death yak
 13508 | D:11     | Found a staircase to the Lair.
 13508 | D:11     | Noticed a death yak
 13518 | D:11     | Killed a death yak
 13519 | D:11     | Noticed a death yak
 13524 | D:11     | Killed a death yak
 13527 | D:11     | Noticed a boulder beetle
 13530 | D:11     | Killed a death yak
 13530 | D:11     | Received a gift from Okawaru
 13547 | D:11     | Killed a death yak
 13560 | D:11     | Killed a boulder beetle
 13750 | D:11     | Learned a level 3 spell: Mephitic Cloud
 14131 | D:12     | Noticed a seven-headed hydra
 14135 | D:12     | Killed a seven-headed hydra
 14224 | D:12     | Noticed a five-headed hydra
 14230 | D:12     | Reached XP level 13. HP: 101/101 MP: 19/26
 14822 | D:12     | Received a gift from Okawaru
 15245 | D:13     | Found Moprits's Jewellery Shop.
 15387 | D:13     | Identified the +7 glaive of Courage {pain, Fragile rN+++
                  | rCorr Dex+4} (Okawaru gifted it to you on level 13 of the
                  | Dungeon)
 15387 | D:13     | Received a gift from Okawaru
 15686 | D:13     | Identified the +4 scale mail of Doosmysch {-Cast rPois
                  | Regen+ Int-2}
 15755 | D:13     | Identified the +0 cloak of Celoimm {rPois rN+}
 15803 | D:13     | Identified the +11 mace of the Volcano {pain, rCorr Str+5
                  | Int+3}
 15976 | D:13     | Got the Almanac of the Dusty Volcanoes
 15981 | D:13     | Learned a level 3 spell: Conjure Flame
 16033 | D:13     | Reached skill level 10 in Spellcasting
 16076 | D:13     | Noticed an ettin
 16076 | D:13     | Noticed an orc warlord
 16082 | D:13     | Noticed an ettin
 16090 | D:13     | Killed an ettin
 16121 | D:13     | Killed an orc warlord
 16146 | D:13     | Killed an ettin
 16222 | D:13     | Noticed an ettin
 16232 | D:13     | Killed an ettin
 16596 | D:14     | Found a gate leading to a gauntlet.
 16618 | Gauntlet | Entered a Gauntlet
 16618 | Gauntlet | Found a transporter.
 16618 | Gauntlet | Found a transporter.
 16618 | Gauntlet | Found a transporter.
 16634 | Gauntlet | Found a transporter.
 16638 | Gauntlet | Found a transporter.
 16651 | Gauntlet | Found a transporter.
 16672 | Gauntlet | Found a transporter.
 16679 | Gauntlet | Found a transporter.
 16683 | Gauntlet | Found a large runed translucent door.
 16684 | Gauntlet | Found a large runed translucent door.
 16692 | Gauntlet | Noticed a quicksilver ooze
 16701 | Gauntlet | a quicksilver ooze changed into a satyr
 16703 | Gauntlet | Noticed a great orb of eyes
 16703 | Gauntlet | a satyr changed into a great orb of eyes
 16706 | Gauntlet | Noticed a minotaur
 16706 | Gauntlet | a great orb of eyes changed into a minotaur
 16713 | Gauntlet | Found a transporter.
 16718 | Gauntlet | Noticed a quicksilver dragon
 16718 | Gauntlet | a catoblepas changed into a quicksilver dragon
 16720 | Gauntlet | Noticed an eleionoma
 16720 | Gauntlet | a quicksilver dragon changed into an eleionoma
 16753 | Gauntlet | Found a transporter.
 16768 | Gauntlet | Found a transporter.
 16770 | Gauntlet | Found a large runed translucent door.
 16771 | Gauntlet | Found a large runed translucent door.
 16772 | Gauntlet | Found a large runed translucent door.
 16772 | Gauntlet | Found a large runed translucent door.
 16772 | Gauntlet | Found a runed translucent door.
 16772 | Gauntlet | Found a runed translucent door.
 16773 | Gauntlet | Found a large runed translucent door.
 16773 | Gauntlet | Found a large runed translucent door.
 16773 | Gauntlet | Found a large runed translucent door.
 16773 | Gauntlet | Found a large runed translucent door.
 16774 | Gauntlet | Found a large runed translucent door.
 16775 | Gauntlet | Found a large runed translucent door.
 16777 | Gauntlet | Found a large runed translucent door.
 16777 | Gauntlet | Found a large runed translucent door.
 16778 | Gauntlet | Found a large runed translucent door.
 16778 | Gauntlet | Found a large runed translucent door.
 16779 | Gauntlet | Found a runed translucent gate.
 16779 | Gauntlet | Found a runed translucent gate.
 16779 | Gauntlet | Found a runed translucent gate.
 16781 | Gauntlet | Found a transporter.
 16922 | Gauntlet | Reached ****** piety under Okawaru
 16970 | Gauntlet | Identified the amulet "Xurph" {Rampage Will- Regen+ Str+8
                  | Dex-2}
 16989 | Gauntlet | Identified the +4 chain mail "Tyhofoffa" {Str+2} (Okawaru
                  | gifted it to you in a Gauntlet)
 16989 | Gauntlet | Received a gift from Okawaru
 16990 | Gauntlet | Reached skill level 10 in Fighting
 16990 | Gauntlet | Reached skill level 10 in Polearms
 16990 | Gauntlet | Reached skill level 10 in Dodging
 16990 | Gauntlet | Reached XP level 14. HP: 110/110 MP: 22/28
 17258 | Gauntlet | Identified the +0 pair of boots of Bek Moll {-Tele rC+
                  | rCorr Dex+4}
 17325 | Gauntlet | Noticed an emperor scorpion
 17328 | Gauntlet | Noticed a dire elephant
 17328 | Gauntlet | an emperor scorpion changed into a dire elephant
 17329 | Gauntlet | a dire elephant changed into an alligator snapping turtle
 17357 | Gauntlet | Noticed a shadow dragon
 17411 | Gauntlet | Identified the +0 robe of Liberalism {rPois rF+ Dex+4}
 17649 | D:14     | Found a gate to the Vaults.
 17718 | D:14     | Identified the +3 leather armour of Loss {Int+6}
 17833 | D:14     | Reached skill level 10 in Invocations
 18068 | D:14     | Noticed Meal's ghost (journeyman FeSu)
 18070 | D:14     | Found a transporter.
 18075 | D:14     | Found a transporter.
 18175 | D:14     | Identified the amulet of Ru's Castigation {rC+ Regen+
                  | Dex+3}
 18345 | D:14     | Noticed a fire giant
 18798 | D:14     | Received a gift from Okawaru
 19083 | D:14     | Killed a fire giant
 19100 | D:14     | Received a gift from Okawaru
 19131 | D:14     | Reached skill level 10 in Throwing
 19131 | D:14     | Reached skill level 10 in Armour
 19213 | D:14     | Identified the +1 scale mail "Wasmam" {Harm Str+5} (Okawaru
                  | gifted it to you on level 14 of the Dungeon)
 19213 | D:14     | Received a gift from Okawaru
 19573 | D:14     | Acquired a manual of Unarmed Combat
 19715 | D:15     | Entered Level 15 of the Dungeon
 19899 | D:14     | Reached XP level 15. HP: 117/117 MP: 26/29
 20304 | D:15     | Reached skill level 10 in Unarmed Combat
 20364 | D:15     | Found a shadowy altar of Dithmenos.
 20417 | D:15     | Reached skill level 10 in Translocations
 20523 | D:15     | Found a staircase to the Depths.
 20780 | D:15     | Reached skill level 10 in Short Blades
 20780 | D:15     | Reached skill level 10 in Long Blades
 20780 | D:15     | Reached skill level 10 in Axes
 20780 | D:15     | Reached skill level 10 in Maces & Flails
 20780 | D:15     | Reached skill level 10 in Staves
 20780 | D:15     | Reached skill level 10 in Slings
 20780 | D:15     | Reached skill level 10 in Bows
 20780 | D:15     | Reached skill level 10 in Crossbows
 20780 | D:15     | Reached skill level 10 in Stealth
 20780 | D:15     | Reached skill level 10 in Shields
 20780 | D:15     | Reached skill level 10 in Evocations
 20845 | D:15     | Identified the +8 great mace of the Wary Quests {drain,
                  | Str+6}
 20845 | D:15     | Identified the +3 great mace of Ikaitanwi {vorpal, rC+
                  | Str+4}
 20846 | D:15     | Noticed TuffENuff's ghost (journeyman FoFi)
 20847 | D:15     | Found a transporter.
 20848 | D:15     | Noticed a fire giant
 20866 | D:15     | Found a transporter.
 21145 | Lair:1   | Entered Level 1 of the Lair of Beasts
 21156 | Lair:1   | Identified the +8 spear of Moderation {vorpal, Dex+4}
 21287 | Lair:1   | Received a gift from Okawaru
 22241 | Lair:2   | Learned a level 4 spell: Hailstorm
 22246 | Lair:2   | Found a staircase to the Shoals.
 22694 | Lair:3   | Noticed Gastronok
 22717 | Lair:3   | Killed Gastronok
 23419 | Lair:4   | Identified the +0 cloak of Bellicose Liberty {Dex+4 Stlth+}
                  | (Okawaru gifted it to you on level 4 of the Lair of Beasts)
 23419 | Lair:4   | Received a gift from Okawaru
 23605 | Lair:4   | Identified the +0 leather armour "Saxikk Aqie" {rF+ rC+
                  | Will+ Slay+2}
 23723 | Lair:4   | Found a staircase to the Snake Pit.
 24553 | Lair:5   | Noticed Urug
 24564 | Lair:5   | Killed Urug
 24565 | Lair:5   | Reached XP level 16. HP: 94/126 MP: 29/31
 25721 | Lair:6   | Entered Level 6 of the Lair of Beasts
 25801 | Lair:6   | Received a gift from Okawaru
 25959 | Lair:6   | Found a dark tunnel.
 25977 | Volcano  | Entered a volcano
 26408 | Lair:6   | Noticed Nessos
 26425 | Lair:6   | Killed Nessos
 26583 | Lair:6   | Received a gift from Okawaru
 26947 | Lair:6   | Found a staircase to the Slime Pits.
 26966 | Lair:6   | Identified the +2 cloak of the Constellations {rElec rN++
                  | MP+9 Str-4} (Okawaru gifted it to you on level 6 of the
                  | Lair of Beasts)
 26966 | Lair:6   | Received a gift from Okawaru
 27324 | Lair:6   | Learned a level 2 spell: Ensorcelled Hibernation
 27384 | Snake:1  | Entered Level 1 of the Snake Pit
 27579 | Snake:1  | Killed from afar by a shock serpent

Illustrated notes

Levels and vault maps discovered:
D:1:      dpeg_arrival_caged_fury, layout_basic,
          shapermc_ecumenical_altar_notcrosses, minmay_misc_feat_plants,
          kennysheep_minor_cross, solitary_fountain
D:2:      layout_loops_ring
D:3:      layout_loops_corners, uniq_sigmund
D:4:      layout_gridville, kennysheep_mini_moat
D:5:      layout_rooms, general_overflow_altar, minmay_quadrilaterals, uniq_ijyb
D:6:      layout_loops_cross, minmay_temple_entry_statues_fountains,
          corexii_shack, uniq_duvessa
D:7:      layout_basic
D:8:      layout_loops_ring, minmay_misc_feat_roman, hangedman_decor_riveting
D:9:      layout_loops_ring, enter_bailey_3
D:10:     layout_long_grid, minmay_gold_behind_fungi, evilmike_butchery,
          uniq_fannar
D:11:     layout_rooms, dpeg_lair_monsters, portal_ice_cave_entry_imps,
          uniq_psyche
D:12:     minmay_distorted_concentric_squares, layout_basic, special_room
          [special_room_orc]
D:13:     minmay_cut_squares, layout_loops_ring, serial_shops,
          nicolae_shop_hallway_stairs, hellmonk_guarded_unrand_dark_maul
D:14:     minmay_connected_boxes_in_corner, layout_stronghold, erik_vaults_2,
          nzn_ghost_randoct, chequers_serial_rivers_micro_b,
          gauntlet_entry_generic
D:15:     grunt_enter_depths_hoard, layout_rooms,
          grunt_dithmenos_smoke_and_mirrors, gammafunk_ghost_smash
Temple:   mainiacjoe_temple_cubbyholes
Lair:1:   layout_roguey
Lair:2:   layout_hall_layers, minmay_shoals_entry_centaurs, beast_lair_carwin_4
Lair:3:   layout_cave_pods, uniq_gastronok
Lair:4:   layout_gridlike, minmay_snake_entry_guardpost_medium
Lair:5:   nzn_winding_woodlands_stair_cross [nzn_winding_woodlands_5x15_jagged,
          nzn_winding_woodlands_center_diamonds,
          nzn_winding_woodlands_5x15_split_checker,
          nzn_winding_woodlands_5x5_three,
          nzn_winding_woodlands_5x5_checkerboard,
          nzn_winding_woodlands_5x15_eye,
          nzn_winding_woodlands_center_triple_pond,
          nzn_winding_woodlands_5x15_crooked], layout_cave_pods, uniq_urug
Lair:6:   minmay_lair_end_enchanted_forest, layout_loops_ring,
          minmay_slime_entry_pillars, lightli_volcano_entry_magma_tube,
          uniq_nessos
Snake:1:  layout_chambers, basic_altar, grunt_megastairs_5

Skill      XL: |  1  2  3  4  5  6  7  8  9 10 11 12 13 14 15 16 |
---------------+-------------------------------------------------+-----
Spellcasting   | 5 6 7 8 9 10 11 12 | 12.3
Invocations    | 1 2 3 4 5 6 7 8 9 10 11 12 | 12.2
Short Blades   | 1 2 3 4 5 6 7 8 9 10 11 | 11.3
Long Blades    | 1 2 3 4 5 6 7 8 9 10 11 | 11.3
Axes           | 1 2 3 4 5 6 7 8 9 10 11 | 11.3
Maces & Flails | 1 2 3 4 5 6 7 8 9 10 11 | 11.3
Staves         | 1 2 3 4 5 6 7 8 9 10 11 | 11.3
Slings         | 1 2 3 4 5 6 7 8 9 10 11 | 11.3
Bows           | 1 2 3 4 5 6 7 8 9 10 11 | 11.3
Crossbows      | 1 2 3 4 5 6 7 8 9 10 11 | 11.3
Stealth        | 1 2 3 4 5 6 7 8 9 10 11 | 11.3
Shields        | 1 2 3 4 5 6 7 8 9 10 11 | 11.3
Unarmed Combat | 1 2 3 4 5 6 7 8 9 11 12 | 12.7
Evocations     | 1 2 3 4 5 6 7 8 9 10 11 | 11.3
Conjurations   | 1 2 3 4 5 6 7 8 9 |  9.5
Hexes          | 1 2 3 4 5 6 7 8 9 |  9.5
Summonings     | 1 2 3 4 5 6 7 8 9 |  9.5
Necromancy     | 1 2 3 4 5 6 7 8 9 |  9.5
Transmutations | 1 2 3 4 5 6 7 8 9 |  9.5
Fire Magic     | 1 2 3 4 5 6 7 8 9 |  9.5
Ice Magic      | 1 2 3 4 5 6 7 8 9 |  9.5
Air Magic      | 1 2 3 4 5 6 7 8 9 |  9.5
Earth Magic    | 1 2 3 4 5 6 7 8 9 |  9.5
Poison Magic   | 1 2 3 4 5 6 7 8 9 |  9.5
Throwing       | 3 4 5 6 7 8 9 10 11 | 11.6
Armour         | 3 4 5 6 7 8 9 10 11 | 11.6
Fighting       | 5 6 7 8 9 10 11 12 | 12.1
Polearms       | 5 6 7 8 9 10 11 12 | 12.1
Dodging        | 5 6 7 8 9 10 11 12 | 12.1
Translocations | 6 7 8 9 10 11 | 11.0

Action                   |  1- 3 |  4- 6 |  7- 9 | 10-12 | 13-15 | 16-18 || total
-------------------------+-------+-------+-------+-------+-------+-------++-------
Melee: Spear             |   125 |       |       |       |       |       ||   125
       Bite              |    10 |     5 |    24 |    38 |    98 |    63 ||   238
       Punch             |     1 |       |       |    10 |    24 |       ||    35
       Trident           |    46 |    10 |       |   347 |   612 |   307 ||  1322
       Quarterstaff      |       |    55 |   148 |    11 |       |       ||   214
       Falchion          |       |    18 |       |       |       |       ||    18
       Unarmed           |       |       |       |       |    12 |       ||    12
       Long sword        |       |       |       |       |     4 |       ||     4
       Mace              |       |       |       |       |   101 |   126 ||   227
       Scimitar          |       |       |       |       |    18 |     4 ||    22
 Fire: Longbow           |       |       |       |       |     2 |       ||     2
Throw: Boomerang         |       |    14 |    15 |    12 |       |       ||    41
       Dart              |       |       |     8 |    39 |    61 |     9 ||   117
       Javelin           |       |       |       |     2 |     9 |       ||    11
       Throwing net      |       |       |       |       |     2 |       ||     2
 Cast: Wereblood         |       |       |     1 |     7 |     5 |     3 ||    16
       Sting             |       |       |       |     5 |       |       ||     5
       Blink             |       |       |       |     3 |     8 |     1 ||    12
       Poisonous Vapours |       |       |       |     4 |     4 |       ||     8
       Mephitic Cloud    |       |       |       |     2 |    25 |     1 ||    28
       Conjure Flame     |       |       |       |       |    16 |     2 ||    18
       Passwall          |       |       |       |       |     3 |       ||     3
Invok: Heroism           |       |       |       |     7 |     7 |     5 ||    19
       Finesse           |       |       |       |     3 |       |     1 ||     4
Evoke: Wand              |       |       |       |     2 |     9 |       ||    11
       Tin of tremorston |       |       |       |       |     1 |       ||     1
  Use: Scroll            |       |       |       |    17 |    15 |     2 ||    34
       Potion            |       |       |       |     3 |     2 |       ||     5
 Stab: Sleeping          |     3 |     2 |     4 |     8 |    15 |    10 ||    42
       Distracted        |       |       |     2 |     6 |    18 |     9 ||    35
       Confused          |       |       |       |     1 |    13 |     4 ||    18
       Invisible         |       |       |       |       |     7 |       ||     7
       Petrified         |       |       |       |       |       |     1 ||     1
Armor: Leather armour    |    52 |    16 |    11 |       |    15 |    61 ||   155
       Robe              |       |       |     6 |    49 |    86 |       ||   141
Dodge: Dodged            |    51 |    76 |   121 |   179 |   380 |   210 ||  1017
Block: Kite shield       |       |       |       |       |    92 |       ||    92
       Buckler           |       |       |       |       |    88 |   113 ||   201
